 Dungeon Crawl Stone Soup version 0.30-a0-135-g630cfc4551 (webtiles) character file.

Game seed: 11037357844734593921

25126 juncz the Eclecticist (level 13, -12/79 HPs)
             Began as a Djinni Conjurer on Sept 21, 2022.
             Was a High Priest of Makhleb.
             Shot with an arrow by a centaur warrior (15 damage)
             ... on level 13 of the Dungeon.
             The game lasted 00:45:55 (18180 turns).

juncz the Eclecticist (Djinni Conjurer)            Turns: 18180, Time: 00:45:56

Health: -12/79     AC:  8    Str:  6    XL:     13   Next: 48%
Gold:   1361       EV: 11    Int: 31    God:    Makhleb [*****.] SH:  9 Dex: 12

rFire   + + .      SeeInvis .    k - staff of conjuration
rCold   x . .      Faith    .    K - +0 buckler
rNeg    . . .      Spirit   .    M - +1 robe {Archmagi}
rPois   ∞          Reflect  +    i - +0 helmet
rElec   .          Harm     .    S - +0 cloak {rCorr}
rCorr   +          Rampage  .    x - +2 pair of gloves
Will    +....      Archmagi +    (boots unavailable)
Stlth   ++........               a - amulet of reflection
HPRegen 0.23/turn                t - ring of wizardry
MPRegen 0.00/turn                r - +6 ring of intelligence

@: flying
A: sickness immunity, fire resistance 2, cold vulnerability 1, float, innate
caster, HP casting, extra vitality 1
a: Renounce Religion, Minor Destruction, Lesser Servant of Makhleb, Major
Destruction, Greater Servant of Makhleb


You were on level 13 of the Dungeon.
You worshipped Makhleb.
Makhleb was extremely pleased with you.
You visited 2 branches of the dungeon, and saw 14 of its levels.
You also visited: Bailey.

You collected 1556 gold pieces.
You spent 195 gold pieces at shops.

Inventory:

Armour
 i - a +0 helmet (worn)
 x - a +2 pair of gloves (worn)
 C - a +1 pair of gloves of strength
 I - a +0 troll leather armour
 K - a +0 buckler (worn)
 M - a +1 robe of the Archmagi (worn)
 S - a +0 cloak of preservation (worn)
Magical Staves
 k - a staff of conjuration (weapon)
 n - a staff of fire
 T - a staff of poison
Jewellery
 a - an amulet of reflection (around neck)
 j - an amulet of the acrobat
 q - a ring of protection from cold
 r - a +6 ring of intelligence (right hand)
 s - a ring of protection from cold
 t - a ring of wizardry (left hand)
 y - a ring of fire
 R - a +4 ring of protection
Wands
 o - a wand of polymorph (2)
 p - a wand of roots (12)
 O - a wand of paralysis (4)
 P - a wand of light (3)
 Q - a wand of digging (6)
Scrolls
 e - 5 scrolls of blinking
 f - a scroll of summoning {unknown}
 h - 2 scrolls of enchant weapon
 m - a scroll of enchant armour
 v - 5 scrolls of teleportation
 w - 2 scrolls of poison
 z - a scroll of fear
 F - a scroll of butterflies {unknown}
 G - 4 scrolls of magic mapping
 H - 3 scrolls of silence
Potions
 b - 2 potions of mutation
 c - 2 potions of might {unknown}
 d - 9 potions of attraction {unknown}
 g - 10 potions of curing
 l - 2 potions of brilliance {unknown}
 u - 4 potions of degeneration {unknown}
 A - 2 potions of heal wounds {unknown}
 B - 2 potions of cancellation {unknown}
 D - a potion of resistance
 E - 2 potions of lignification {unknown}
 J - a potion of ambrosia {unknown}
 L - a potion of invisibility {unknown}
Miscellaneous
 N - a condenser vane


   Skills:
 + Level 2.2 Fighting
 - Level 2.1 Dodging
 - Level 1.5 Stealth
 + Level 2.2 Shields
 + Level 16.7 Spellcasting


You had 12 spell levels left.
You knew the following spells:

 Your Spells              Type           Power      Damage    Failure   Level
a - Magic Dart            Conj           100%       1d8       0%          1
b - Searing Ray           Conj           100%       2d8       0%          2
c - Dazzling Flash        Conj/Hex       100%       N/A       0%          3
d - Fulminant Prism       Conj/Hex       69%        3d28      0%          4
e - Iskenderun's Mystic   Conj/Tloc      100%       2d19      0%          4
f - Shock                 Conj/Air       100%       1d9       0%          1
g - Passwall              Tmut/Erth      95%        N/A       0%          2
h - Inner Flame           Hex/Fire       100%       N/A       0%          3
i - Petrify               Tmut/Erth      100%       N/A       0%          4
j - Leda's Liquefaction   Hex/Erth       57%        N/A       0%          4
k - Silence               Hex/Air        57%        N/A       1%          5
Your spell library was empty.

Dungeon Overview and Level Annotations

Branches:
Dungeon (13/15)            Temple (1/1) D:4            Lair (0/5) D:10
    Orc (0/2) D:12         Bailey (visited)
 Vaults: D:13-14

Altars:
Ashenzari
Cheibriados
Dithmenos
Elyvilon
Fedhas
Gozag
Hepliaklqana
Makhleb
Nemelex Xobeh
Okawaru
Qazlal
Ru
Trog
Uskayaw
Wu Jian
Xom
Yredelemnul
Zin
The Shining One

Shops:
D:7 (   D:9 *

Portals:
Abyss: D:4


Innate Abilities, Weirdness & Mutations

You are immune to sickness and miasma.
You are immune to poison.
Your flesh is very heat resistant. (rF++)
You are vulnerable to cold. (rC-)
You float through the air rather than walking.
You learn spells naturally, not from books.
Your magical power is your life essence.
You have superior vitality. (+4 MHP)


Message History

You reflect the arrow off an invisible shield around you!
The arrow hits the centaur warrior!!
The arrow freezes the centaur warrior.
The centaur warrior shoots an arrow.
You reflect the arrow off an invisible shield around you!
The arrow barely misses the centaur warrior.
The centaur warrior shoots an arrow.
The arrow hits you!
* * * LOW HITPOINT WARNING * * *
The arrow freezes you!
* * * LOW HITPOINT WARNING * * *
Items here: $ ( ) †.
Casting: Iskenderun's Mystic Blast (safe; 0% risk of failure)
Confirm with . or Enter, or press ? or * to list all spells.
You feel a strong surge of power!
You erupt in a blast of force!
The mystic blast hits the centaur warrior!!!
You kill the centaur warrior!
Makhleb accepts your kill.
You feel better.
* * * LOW HITPOINT WARNING * * *
Your Fighting skill increases to level 2!
As you read the scroll of teleportation, it crumbles to dust.
You feel strangely unstable.
The ironbound preserver attacks as you move away!
The ironbound preserver hits you with a +0 great mace!
* * * LOW HITPOINT WARNING * * *
Okay, then.
Casting: Iskenderun's Mystic Blast (safe; 0% risk of failure)
Confirm with . or Enter, or press ? or * to list all spells.
You feel a strong surge of power!
You erupt in a blast of force!
The mystic blast hits the ironbound preserver!!
The ironbound preserver is heavily wounded.
The ironbound preserver is knocked back by the mystic blast.
* * * LOW HITPOINT WARNING * * *
You hear a horrible gurgling sound!
Your surroundings suddenly seem different.
A wraith comes into view.
A centaur warrior comes into view.
The centaur warrior shouts!
The centaur warrior wields a +0 shortbow.
The centaur warrior shoots an arrow.
The arrow hits you!
You die...

......... ####.#######
##....c...#..........###
#.......#..........#
#............####.#####
.......#.#.#........<.
####...#...#.....#.#####
#..........#.#.#.#.# #
#.###..#.#<^...#.#.# # #
#.#...)@...#...#.#.# #
###.#.#....#.#.##....#.# #
+.....#....#.......###.#####
#))....######..###....##
#.#...W............<....
#.#........[######.##.##
#.........### #....#
###.#.....# #.####
#.#.....### ###


You could see a centaur warrior and a wraith (wandering).

Vanquished Creatures
  Josephine (D:10)
  3 two-headed ogres
  2 boulder beetles (D:12)
  A centaur warrior (D:13)
  A tengu warrior (D:13)
  3 skeletal warriors (D:12)
  2 orc knights (Bailey)
  2 cyclopes
  A manticore (D:13)
  2 ugly things
  Maurice (D:10)
  A gargoyle (D:11)
  An unseen horror (D:11)
  Psyche (D:10)
  7 kobold demonologists
  An efreet (D:13)
  A tengu conjurer (D:13)
  4 trolls
  2 hornets
  The ghost of CougarLife the Caller, an amateur MfSu (D:5)
  6 shadows
  3 small abominations (D:4)
  2 vampires
  9 wraiths
  A water elemental (D:12)
  2 wyverns
  A steam dragon (D:8)
  The ghost of IdlyInterested the Cutter, an amateur DsGl (D:4)
  6 vampire mosquitoes
  Edmund (D:5)
  7 water moccasins
  9 orc warriors
  Duvessa (D:5)
  2 ice beasts
  2 sky beasts
  4 black bears
  3 ogres
  13 centaurs
  A phantom (D:6)
  8 kobold brigands
  6 bullfrogs
  A necrophage (D:7)
  A scorpion (D:6)
  3 wights (D:8)
  Dowan (D:5)
  14 killer bees
  A howler monkey (D:8)
  An electric eel (D:12)
  2 jellies
  3 hounds
  2 gnoll boudas (D:8)
  4 iguanas
  3 orc priests
  Crazy Yiuf (D:5)
  14 orc wizards
  11 gnolls
  9 adders
  2 shadow imps
  4 white imps
  3 ufetubi
  3 dart slugs
  29 orcs
  A ball python (D:1)
  2 endoplasms
  13 giant cockroaches
  18 goblins
  15 hobgoblins
  3 quokkas
  3 bats (D:1)
  A frilled lizard (D:1)
  29 kobolds
  4 rats
  7 fulminant prisms
334 creatures vanquished.

Vanquished Creatures (others)
  11 fulminant prisms
  34 fungi (D:10)
  26 plants (D:10)
71 creatures vanquished.

Grand Total: 405 creatures vanquished

Notes
Turn   | Place    | Note
-------+----------+-------------------------------------------
     0 | D:1      | juncz the Djinni Conjurer began the quest for the Orb.
     0 | D:1      | juncz set off with the following spells memorised: Magic
                  | Dart, Searing Ray, Dazzling Flash, Fulminant Prism,
                  | Iskenderun's Mystic Blast.
     0 | D:1      | Reached XP level 1. HP: 15/15 MP: 0/0
   339 | D:1      | Reached XP level 2. HP: 19/21 MP: 0/0
  1092 | D:2      | Reached XP level 3. HP: 22/25 MP: 0/0
  1092 | D:2      | Learned a level 1 spell: Shock
  1354 | D:2      | Reached skill level 4 in Spellcasting
  1539 | D:2      | Reached XP level 4. HP: 14/31 MP: 0/0
  1786 | D:2      | Found a faded altar of an unknown god.
  1972 | D:3      | Noticed a bullfrog
  1979 | D:3      | Killed a bullfrog
  1980 | D:3      | Reached XP level 5. HP: 25/35 MP: 0/0
  1980 | D:3      | Learned a level 2 spell: Passwall
  2463 | D:3      | Found a glowing golden altar of the Shining One.
  2468 | D:3      | Reached skill level 5 in Spellcasting
  2509 | D:3      | Found a blossoming altar of Fedhas.
  2806 | D:3      | Found a white marble altar of Elyvilon.
  3110 | D:3      | Noticed an ogre
  3113 | D:3      | Killed an ogre
  3114 | D:3      | Reached XP level 6. HP: 27/40 MP: 0/0
  3568 | D:4      | Found a staircase to the Ecumenical Temple.
  3577 | Temple   | Entered the Ecumenical Temple
  3728 | Temple   | Became a worshipper of Makhleb the Destroyer
  3915 | D:4      | Noticed a small abomination
  3929 | D:4      | Noticed a +0 falchion
  3930 | D:4      | Noticed a +0 short sword
  3931 | D:4      | Found a transporter.
  4061 | D:4      | Noticed a +0 short sword
  4061 | D:4      | Noticed a +0 falchion
  4062 | D:4      | Noticed a +0 spear
  4062 | D:4      | Noticed a +0 dagger
  4063 | D:4      | Noticed a +0 dagger
  4064 | D:4      | Noticed a +0 spear
  4071 | D:4      | Found a hide-covered altar of Uskayaw.
  4124 | D:4      | Found a transporter.
  4161 | D:4      | Reached skill level 6 in Spellcasting
  4850 | D:4      | Noticed IdlyInterested's ghost (amateur DsGl)
  4851 | D:4      | Killed a small abomination
  4852 | D:4      | Reached XP level 7. HP: 29/45 MP: 0/0
  4852 | D:4      | Learned a level 3 spell: Inner Flame
  4857 | D:4      | Killed IdlyInterested's ghost
  4858 | D:4      | Reached skill level 7 in Spellcasting
  4859 | D:4      | Reached XP level 8. HP: 11/50 MP: 0/0
  5201 | D:4      | Found a one-way gate to the infinite horrors of the Abyss.
  5349 | D:5      | Entered Level 5 of the Dungeon
  5349 | D:5      | Noticed Duvessa
  5349 | D:5      | Noticed Dowan
  5354 | D:5      | Killed Dowan
  5356 | D:5      | Killed Duvessa
  5665 | D:5      | Noticed Edmund
  5673 | D:5      | Killed Edmund
  5799 | D:5      | Found a bloodstained altar of Trog.
  5807 | D:5      | Reached skill level 8 in Spellcasting
  6072 | D:5      | Reached XP level 9. HP: 37/55 MP: 0/0
  6072 | D:5      | Learned a level 4 spell: Petrify
  6203 | D:5      | Found a runed translucent door.
  6203 | D:5      | Noticed CougarLife's ghost (amateur MfSu)
  6276 | D:5      | Reached skill level 9 in Spellcasting
  6505 | D:5      | Found a runed translucent door.
  6506 | D:5      | Noticed Crazy Yiuf
  6512 | D:5      | Killed Crazy Yiuf
  6728 | D:5      | Killed CougarLife's ghost
  7029 | D:6      | Reached * piety under Makhleb
  7078 | D:6      | Found a sacrificial altar of Ru.
  7182 | D:6      | Identified the +0 ring mail of Generosity {Str+3}
  7638 | D:6      | Reached skill level 10 in Spellcasting
  7889 | D:7      | Noticed a hornet
  7892 | D:7      | Killed a hornet
  8002 | D:7      | Found a shimmering altar of Xom.
  8007 | D:7      | Reached XP level 10. HP: 25/60 MP: 0/0
  8012 | D:7      | Reached skill level 11 in Spellcasting
  8160 | D:7      | Found a flagged portal.
  8170 | Bailey   | Entered a bailey
  8356 | Bailey   | Noticed an orc knight
  8404 | Bailey   | Noticed an orc knight
  8493 | Bailey   | Reached ** piety under Makhleb
  8571 | Bailey   | Killed an orc knight
  8974 | Bailey   | Killed an orc knight
  9333 | D:7      | Noticed a two-headed ogre
  9340 | D:7      | Killed a two-headed ogre
  9341 | D:7      | Reached skill level 12 in Spellcasting
 10001 | D:7      | Found Qasasun's Antique Weapon Shoppe.
 10023 | D:7      | Bought an ichor-stained trident for 195 gold pieces
 10023 | D:7      | Identified the +3 trident of Shame {vorpal, *Rage rN+++
                  | Will- Str+6} (You bought it in a shop on level 7 of the
                  | Dungeon)
 10202 | D:7      | Found an ornate altar of the Wu Jian Council.
 10917 | D:8      | Reached XP level 11. HP: 45/65 MP: 0/0
 10917 | D:8      | Learned a level 4 spell: Leda's Liquefaction
 12219 | D:9      | Found a basalt altar of Yredelemnul.
 12309 | D:9      | Reached skill level 13 in Spellcasting
 12314 | D:9      | Reached *** piety under Makhleb
 12318 | D:9      | Found Jied's Demolitions Depot.
 12800 | D:9      | Found a broken altar of Ashenzari.
 13730 | D:10     | Entered Level 10 of the Dungeon
 13775 | D:10     | Noticed Psyche
 13781 | D:10     | Killed Psyche
 13813 | D:10     | Found a staircase to the Lair.
 14010 | D:10     | Noticed Maurice
 14023 | D:10     | Killed Maurice
 14386 | D:10     | Noticed a cyclops
 14394 | D:10     | Killed a cyclops
 14395 | D:10     | Reached skill level 14 in Spellcasting
 14501 | D:10     | Noticed Josephine
 14508 | D:10     | Killed Josephine
 14509 | D:10     | Reached XP level 12. HP: 43/70 MP: 0/0
 15605 | D:11     | Noticed a two-headed ogre
 15612 | D:11     | Killed a two-headed ogre
 15613 | D:11     | Reached skill level 15 in Spellcasting
 15616 | D:11     | Noticed a sixfirhy
 15618 | D:11     | Reached **** piety under Makhleb
 15910 | D:11     | Found a stormy altar of Qazlal.
 16256 | D:12     | Noticed a boulder beetle
 16279 | D:12     | Killed a boulder beetle
 16798 | D:12     | Noticed a boulder beetle
 16801 | D:12     | Noticed a soul eater
 16809 | D:12     | Noticed a skeletal warrior
 16809 | D:12     | Noticed a skeletal warrior
 16810 | D:12     | Noticed a skeletal warrior
 17086 | D:12     | Killed a skeletal warrior
 17087 | D:12     | Killed a skeletal warrior
 17088 | D:12     | Reached skill level 16 in Spellcasting
 17088 | D:12     | Reached XP level 13. HP: 30/75 MP: 0/0
 17088 | D:12     | Learned a level 5 spell: Silence
 17468 | D:12     | Found a staircase to the Orcish Mines.
 17483 | D:12     | Reached ***** piety under Makhleb
 17974 | D:13     | Identified the amulet "Katal" {Faith Will+ Dex+2}
 18077 | D:13     | Reached skill level 1 in Fighting
 18077 | D:13     | Reached skill level 1 in Shields
 18160 | D:13     | Noticed an ironbound preserver
 18165 | D:13     | Noticed a centaur warrior
 18169 | D:13     | Killed a centaur warrior
 18180 | D:13     | Noticed a centaur warrior
 18180 | D:13     | Shot with an arrow by a centaur warrior

Illustrated notes

Levels and vault maps discovered:
D:1:      nzn_arrival_depleted_hourglass, layout_basic
D:2:      minmay_roachtagon, layout_rooms, shapermc_ecumenical_altar_pompeii
D:3:      layout_loops_ring, mainiacjoe_overflow_catwalk,
          mainiacjoe_overflow_large_starburst, minmay_ogre_servants
D:4:      layout_loops_corners, nicolae_uskayaw_en_pointe,
          minmay_temple_entry_wispy, gammafunk_ghost_abyssal_escape,
          roderic_roman_lattice
D:5:      layout_basic, lemuel_doored_altar, hellmonk_ghost_happy_afterlife,
          uniq_duvessa, uniq_crazy_yiuf_cottage, uniq_edmund
D:6:      layout_basic, nicolae_overflow_crystal_walls,
          kennysheep_generic_room_7
D:7:      layout_rooms, mainiacjoe_overflow_alcove_2, xom_confusion_cloud,
          enter_bailey_6, serial_shops, kennysheep_little_box, st_stairs_6,
          amcnicky_mini_rare_corridor_liquid
D:8:      layout_cave_pods, kennysheep_generic_room_16
D:9:      layout_cave_pools, mainiacjoe_overflow_brackets,
          nicolae_ashenzari_skybound, hex_tiny, nicolae_blasting_shop
D:10:     layout_cave_pools, due_lair_maze_entry_diamond, columned_hall_lemuel,
          minmay_misc_feat_alley, uniq_maurice, uniq_psyche, uniq_josephine
D:11:     layout_rooms, nicolae_qazlal_style_of_elements
D:12:     layout_roguey, erik_orc_2
D:13:     layout_basic, skrybe_vaults_entry_preservation
Temple:   nicolae_temple_bog_church

Skill      XL: |  1  2  3  4  5  6  7  8  9 10 11 12 13 |
---------------+----------------------------------------+-----
Spellcasting   | 4 5 6 7 8 10 12 14 16 | 16.7
Fighting       | 2 |  2.2
Shields        | 2 |  2.2
Dodging        | |  2.1
Stealth        | |  1.5

Action                   |  1- 3 |  4- 6 |  7- 9 | 10-12 | 13-15 || total
-------------------------+-------+-------+-------+-------+-------++-------
Melee: Staff             |       |       |       |     1 |       ||     1
 Cast: Magic Dart        |    38 |       |       |       |       ||    38
       Shock             |    26 |    53 |    45 |    21 |     1 ||   146
       Iskenderun's Myst |       |    13 |    44 |   197 |    45 ||   299
       Fulminant Prism   |       |     2 |     1 |    11 |     4 ||    18
       Inner Flame       |       |       |     1 |     5 |       ||     6
       Leda's Liquefacti |       |       |       |     1 |       ||     1
       Silence           |       |       |       |       |     1 ||     1
  Use: Scroll            |       |       |     8 |     7 |     1 ||    16
Armor: Robe              |       |     4 |       |    13 |     3 ||    20
Dodge: Dodged            |     3 |     9 |     5 |    34 |     8 ||    59
Block: Other             |       |       |       |     7 |     2 ||     9
       Reflection        |       |       |       |     3 |     2 ||     5
       Buckler           |       |       |       |       |     2 ||     2

Table legend: (Time is in decaauts)
 A = Elapsed time spent in this place.
 B = Non-inter-level travel time spent in this place.
 C = Inter-level travel time spent in this place.
 D = Time resting spent in this place.
 E = Time spent auto-exploring this place.
 F = Levels seen in this place.
 G = Mean time per level.
                   A        B        C        D        E       F      G
               +--------+--------+--------+--------+--------+-----+--------+
         Total |  18175 |  17644 |    531 |   8163 |   7820 |  15 | 1211.7 |
       Dungeon |  16920 |  16421 |    499 |   7356 |   7567 |  13 | 1301.5 |
        Temple |    162 |    130 |     32 |      0 |    121 |   1 |  162.0 |
        Bailey |   1091 |   1091 |      0 |    807 |    132 |   1 | 1091.0 |
               +--------+--------+--------+--------+--------+-----+--------+

Top non-repeatable levels by time:
    D:12: 1756 daAuts
     D:8: 1744 daAuts
     D:4: 1696 daAuts
     D:3: 1646 daAuts
     D:9: 1585 daAuts
     D:7: 1492 daAuts
     D:5: 1468 daAuts
    D:10: 1331 daAuts
  Bailey: 1091 daAuts
     D:1: 1089 daAuts
     D:6: 995 daAuts
    D:11: 974 daAuts
     D:2: 751 daAuts
    D:13: 386 daAuts
  Temple: 162 daAuts
